2017 views
Uploaded 2023-05-12 20:45:53
Game version 1.36 (6115)
13:17 long 4on4 ladder game on (8)GolemsInTheMist_LV
Saved by DKnight
2017 views
Uploaded 2023-05-12 20:45:53
Game version 1.36 (6115)
13:17 long 4on4 ladder game on (8)GolemsInTheMist_LV


90 units @ 12.7k
/ 1.4k
51 buildings @ 7.2k
/ 2.7k

| Acolyte | 2 | 150 | / | 0 |
| Ghoul | 4 | 480 | / | 0 |
| Crypt Fiend | 10 | 2150 | / | 400 |
| Forest Troll Shadow Priest | 1 | 195 | / | 10 |
| total: | 17 | 2975g | / | 410w |
| Spirit Tower | 3 | 435 | / | 120 |
| Crypt | 1 | 200 | / | 50 |
| Graveyard | 1 | 215 | / | 0 |
| Ziggurat | 6 | 900 | / | 300 |
| Altar of Darkness | 1 | 180 | / | 50 |
| Tomb of Relics | 1 | 130 | / | 30 |
| Halls of the Dead | 1 | 320 | / | 210 |
| total: | 10 | 1625g | / | 430w |
| 0:09 | Crypt |
| 0:11 | Graveyard |
| 0:13 | Acolyte |
| 0:21 | Acolyte |
| 0:42 | Ziggurat |
| 1:02 | Altar of Darkness |
| 1:14 | Ghoul |
| 1:25 | Ghoul |
| 1:41 | Ziggurat |
| 2:03 | Crypt Fiend |
| 2:25 | Crypt Fiend |
| 2:41 | Ziggurat |
| 2:56 | Spirit Tower |
| 3:04 | Death Coil |
| 3:13 | Ghoul |
| 3:37 | Ziggurat |
| 3:39 | Ziggurat |
| 3:42 | Ziggurat |
| 4:15 | Crypt Fiend |
| 4:27 | Crypt Fiend |
| 4:50 | Crypt Fiend |
| 5:02 | Creature Attack |
| 6:01 | Crypt Fiend |
| 6:01 | Crypt Fiend |
| 6:08 | Unholy Aura |
| 6:53 | Forest Troll Shadow Priest |
| 7:01 | Halls of the Dead |
| 7:04 | Ghoul |
| 7:41 | Crypt Fiend |
| 7:41 | Crypt Fiend |
| 8:09 | Creature Carapace |
| 8:30 | Spirit Tower |
| 8:34 | Tomb of Relics |
| 9:27 | Web |
| 9:28 | Crypt Fiend |
| 9:30 | Improved Creature Carapace |
| 10:26 | Spirit Tower |
| Right click | 160 |
| Select | 78 |
| Misc. action | 42 |
| Build/train/purchase | 30 |
| Select group | 24 |
| Use ability | 12 |
| Assign group | 7 |
| Minimap ping | 2 |

| Potion of Mana | 1 | 200 |
| Healing Salve | 1 | 100 |
| total: | 2 | 300g |
| Peasant | 14 | 1050 | / | 0 |
| Footman | 6 | 810 | / | 0 |
| Rifleman | 3 | 615 | / | 90 |
| Flying Machine | 1 | 100 | / | 30 |
| Mortar Team | 1 | 180 | / | 70 |
| total: | 25 | 2755g | / | 190w |
| Scout Tower | 1 | 30 | / | 20 |
| Arcane Tower | 1 | 70 | / | 50 |
| Lumber Mill | 1 | 120 | / | 0 |
| Altar of Kings | 1 | 180 | / | 50 |
| Farm | 7 | 560 | / | 140 |
| Barracks | 1 | 160 | / | 60 |
| Blacksmith | 1 | 140 | / | 60 |
| Workshop | 3 | 420 | / | 420 |
| Keep | 1 | 320 | / | 210 |
| total: | 15 | 1610g | / | 750w |
| 0:05 | Peasant |
| 0:05 | Peasant |
| 0:06 | Peasant |
| 0:25 | Lumber Mill |
| 0:27 | Altar of Kings |
| 0:32 | Peasant |
| 0:37 | Farm |
| 0:39 | Peasant |
| 0:49 | Farm |
| 0:58 | Barracks |
| 1:07 | Peasant |
| 1:23 | Peasant |
| 1:38 | Farm |
| 1:47 | Peasant |
| 1:50 | Farm |
| 2:00 | Footman |
| 2:07 | Footman |
| 2:10 | Peasant |
| 2:26 | Footman |
| 2:33 | Peasant |
| 2:49 | Summon Water Elemental |
| 3:00 | Footman |
| 3:02 | Peasant |
| 3:11 | Peasant |
| 3:35 | Footman |
| 3:40 | Scout Tower |
| 3:51 | Footman |
| 3:53 | Peasant |
| 3:53 | Peasant |
| 4:12 | Arcane Tower |
| 4:25 | Keep |
| 5:05 | Brilliance Aura |
| 5:16 | Blacksmith |
| 5:18 | Defend |
| 6:35 | Iron Forged Swords |
| 6:40 | Rifleman |
| 6:41 | Rifleman |
| 6:43 | Farm |
| 6:52 | Workshop |
| 6:56 | Workshop |
| 7:00 | Workshop |
| 7:23 | Rifleman |
| 7:29 | Farm |
| 7:32 | Black Gunpowder |
| 7:34 | Iron Plating |
| 7:55 | Healing Salve |
| 8:04 | Farm |
| 8:14 | Flying Machine |
| 8:38 | Improved Masonry |
| 10:07 | Mortar Team |
| 10:13 | Potion of Mana |
| Misc. action | 170 |
| Select | 150 |
| Build/train/purchase | 57 |
| Use ability | 10 |
| Right click | 4 |
| Esc | 2 |
| Remove unit | 1 |


| Healing Salve | 1 | 100 |
| Lesser Clarity Potion | 3 | 210 |
| total: | 4 | 310g |
| Peon | 11 | 825 | / | 0 |
| Grunt | 4 | 800 | / | 0 |
| Raider | 3 | 540 | / | 120 |
| Wind Rider | 4 | 1060 | / | 160 |
| Troll Batrider | 1 | 160 | / | 40 |
| total: | 23 | 3385g | / | 320w |
| Watch Tower | 1 | 110 | / | 80 |
| Altar of Storms | 1 | 180 | / | 50 |
| Orc Burrow | 5 | 800 | / | 200 |
| Barracks | 1 | 180 | / | 50 |
| Voodoo Lounge | 1 | 130 | / | 30 |
| War Mill | 1 | 205 | / | 0 |
| Beastiary | 2 | 290 | / | 280 |
| Stronghold | 1 | 315 | / | 190 |
| Fortress | 1 | 325 | / | 190 |
| total: | 12 | 1895g | / | 690w |
| 0:03 | Peon |
| 0:04 | Peon |
| 0:09 | Altar of Storms |
| 0:14 | Orc Burrow |
| 0:22 | Peon |
| 0:35 | Peon |
| 0:43 | Barracks |
| 0:45 | Peon |
| 1:05 | Peon |
| 1:16 | Peon |
| 1:47 | Grunt |
| 1:51 | Voodoo Lounge |
| 2:01 | Peon |
| 2:04 | Peon |
| 2:10 | Feral Spirit |
| 2:33 | Stronghold |
| 3:44 | Chain Lighting |
| 4:02 | Orc Burrow |
| 4:03 | War Mill |
| 4:18 | Healing Salve |
| 5:01 | Fortress |
| 5:03 | Berserker Strength |
| 5:03 | Grunt |
| 5:20 | Reinforced Defenses |
| 6:22 | Feral Spirit |
| 6:38 | Orc Burrow |
| 7:06 | Grunt |
| 7:18 | Steel Melee Weapons |
| 7:20 | Beastiary |
| 7:25 | Lesser Clarity Potion |
| 7:32 | Hex |
| 7:45 | Peon |
| 7:45 | Peon |
| 8:04 | Grunt |
| 8:06 | Beastiary |
| 8:41 | Raider |
| 8:42 | Pillage |
| 8:47 | Orc Burrow |
| 9:05 | Healing Wave |
| 9:21 | Thorium Melee Weapons |
| 9:23 | Ensnare |
| 9:24 | Raider |
| 9:48 | Chain Lighting |
| 10:03 | Raider |
| 10:14 | Orc Burrow |
| 10:15 | Wind Rider |
| 10:48 | Wind Rider |
| 10:50 | Watch Tower |
| 11:16 | Lesser Clarity Potion |
| 11:16 | Lesser Clarity Potion |
| 11:33 | Wind Rider |
| 11:35 | Troll Batrider |
| 12:03 | Wind Rider |
| 13:04 | Hex |
| Right click | 531 |
| Select | 245 |
| Select group | 242 |
| Build/train/purchase | 74 |
| Misc. action | 68 |
| Assign group | 59 |
| Use ability | 24 |
| Chat | 13 |
| Minimap ping | 5 |
| Remove unit | 2 |
| Item give/drop | 1 |

| Healing Salve | 2 | 200 |
| Lesser Clarity Potion | 4 | 280 |
| total: | 6 | 480g |
| Peon | 8 | 600 | / | 0 |
| Grunt | 1 | 200 | / | 0 |
| Troll Headhunter | 10 | 1400 | / | 200 |
| Wind Rider | 4 | 1060 | / | 160 |
| Raider | 2 | 360 | / | 80 |
| total: | 25 | 3620g | / | 440w |
| Watch Tower | 3 | 330 | / | 240 |
| Altar of Storms | 1 | 180 | / | 50 |
| Orc Burrow | 3 | 480 | / | 120 |
| Barracks | 1 | 180 | / | 50 |
| War Mill | 1 | 205 | / | 0 |
| Voodoo Lounge | 3 | 390 | / | 90 |
| Beastiary | 2 | 290 | / | 280 |
| Stronghold | 1 | 315 | / | 190 |
| total: | 14 | 2055g | / | 830w |
| 0:05 | Peon |
| 0:05 | Peon |
| 0:06 | Peon |
| 0:12 | Altar of Storms |
| 0:15 | Orc Burrow |
| 0:40 | Barracks |
| 0:50 | Peon |
| 1:15 | War Mill |
| 1:44 | Voodoo Lounge |
| 1:54 | Grunt |
| 2:01 | Voodoo Lounge |
| 2:11 | Peon |
| 2:11 | Peon |
| 2:11 | Peon |
| 2:35 | Feral Spirit |
| 2:53 | Orc Burrow |
| 2:57 | Orc Burrow |
| 3:17 | Peon |
| 3:56 | Stronghold |
| 4:10 | Troll Headhunter |
| 4:10 | Troll Headhunter |
| 4:20 | Healing Salve |
| 4:21 | Lesser Clarity Potion |
| 4:41 | Chain Lighting |
| 4:45 | Troll Headhunter |
| 4:52 | Watch Tower |
| 5:20 | Lesser Clarity Potion |
| 5:21 | Healing Salve |
| 6:07 | Watch Tower |
| 6:24 | Troll Headhunter |
| 6:24 | Troll Headhunter |
| 6:29 | Beastiary |
| 6:36 | Voodoo Lounge |
| 7:29 | Watch Tower |
| 7:31 | Troll Headhunter |
| 7:31 | Troll Headhunter |
| 8:16 | Wind Rider |
| 8:17 | Wind Rider |
| 8:20 | Troll Headhunter |
| 8:20 | Troll Regeneration |
| 8:23 | Steel Ranged Weapons |
| 8:37 | Lesser Clarity Potion |
| 9:23 | Beastiary |
| 9:43 | Wind Rider |
| 9:44 | Troll Headhunter |
| 9:44 | Troll Headhunter |
| 9:49 | Lesser Clarity Potion |
| 11:01 | Raider |
| 11:01 | Raider |
| 11:02 | Wind Rider |
| Right click | 516 |
| Select | 206 |
| Build/train/purchase | 57 |
| Misc. action | 43 |
| Use ability | 8 |
| Minimap ping | 2 |
| Esc | 1 |
83 units @ 12.2k
/ 1.7k
52 buildings @ 8.7k
/ 3.2k


| Lesser Clarity Potion | 1 | 70 |
| Healing Salve | 1 | 100 |
| Scroll of Speed | 1 | 50 |
| Potion of Healing | 1 | 150 |
| total: | 4 | 370g |
| Peon | 7 | 525 | / | 0 |
| Troll Headhunter | 10 | 1400 | / | 200 |
| Kodo Beast | 1 | 255 | / | 60 |
| Troll Berserker | 5 | 700 | / | 100 |
| Troll Witch Doctor | 2 | 290 | / | 50 |
| total: | 25 | 3170g | / | 410w |
| Altar of Storms | 2 | 360 | / | 100 |
| Orc Burrow | 5 | 800 | / | 200 |
| War Mill | 1 | 205 | / | 0 |
| Barracks | 1 | 180 | / | 50 |
| Voodoo Lounge | 1 | 130 | / | 30 |
| Spirit Lodge | 1 | 150 | / | 150 |
| Beastiary | 1 | 145 | / | 140 |
| Stronghold | 1 | 315 | / | 190 |
| Fortress | 1 | 325 | / | 190 |
| total: | 12 | 1970g | / | 670w |
| 0:05 | Peon |
| 0:05 | Peon |
| 0:09 | Altar of Storms |
| 0:12 | Altar of Storms |
| 0:20 | Orc Burrow |
| 0:32 | War Mill |
| 0:39 | Peon |
| 0:58 | Peon |
| 1:14 | Barracks |
| 1:18 | Peon |
| 1:33 | Peon |
| 1:43 | Voodoo Lounge |
| 1:56 | Peon |
| 2:15 | Troll Headhunter |
| 2:18 | Feral Spirit |
| 2:32 | Troll Headhunter |
| 3:03 | Stronghold |
| 3:08 | Orc Burrow |
| 3:24 | Steel Ranged Weapons |
| 4:23 | Chain Lighting |
| 4:34 | Troll Headhunter |
| 4:35 | Troll Headhunter |
| 5:02 | Troll Headhunter |
| 5:05 | Orc Burrow |
| 6:10 | Troll Headhunter |
| 6:10 | Troll Headhunter |
| 6:12 | Fortress |
| 6:34 | Spirit Lodge |
| 6:38 | Beastiary |
| 7:12 | Lesser Clarity Potion |
| 7:12 | Healing Salve |
| 7:13 | Scroll of Speed |
| 7:26 | Troll Headhunter |
| 7:30 | War Stomp |
| 7:47 | Witch Doctor Adept Training |
| 7:49 | Kodo Beast |
| 8:42 | Thorium Ranged Weapons |
| 8:43 | Berserker Upgrade |
| 8:44 | Troll Headhunter |
| 8:44 | Troll Headhunter |
| 8:46 | War Drums Damage Increase |
| 9:15 | Chain Lighting |
| 9:56 | Endurance Aura |
| 10:28 | Troll Berserker |
| 10:28 | Troll Berserker |
| 10:30 | Arcanite Ranged Weapons |
| 10:31 | Witch Doctor Master Training |
| 10:32 | Troll Witch Doctor |
| 11:19 | Troll Berserker |
| 11:23 | Orc Burrow |
| 11:24 | Orc Burrow |
| 11:29 | Troll Witch Doctor |
| 12:01 | Feral Spirit |
| 12:58 | Potion of Healing |
| 13:06 | Troll Berserker |
| 13:07 | Troll Berserker |
| 13:16 | Endurance Aura |
| Right click | 685 |
| Select | 249 |
| Select group | 192 |
| Build/train/purchase | 73 |
| Use ability | 20 |
| Assign group | 19 |
| Chat | 16 |
| Minimap ping | 7 |
| Misc. action | 6 |
| Esc | 3 |
| Item give/drop | 1 |


| Rod of Necromancy | 1 | 150 |
| total: | 1 | 150g |
| Acolyte | 2 | 150 | / | 0 |
| Ghoul | 2 | 240 | / | 0 |
| Crypt Fiend | 10 | 2150 | / | 400 |
| Obsidian Statue | 3 | 600 | / | 105 |
| total: | 17 | 3140g | / | 505w |
| Crypt | 2 | 400 | / | 100 |
| Graveyard | 1 | 215 | / | 0 |
| Altar of Darkness | 1 | 180 | / | 50 |
| Ziggurat | 6 | 900 | / | 300 |
| Tomb of Relics | 1 | 130 | / | 30 |
| Slaughterhouse | 1 | 140 | / | 135 |
| Halls of the Dead | 2 | 640 | / | 420 |
| Black Citadel | 1 | 325 | / | 230 |
| total: | 12 | 1965g | / | 615w |
| 0:04 | Acolyte |
| 0:04 | Acolyte |
| 0:09 | Crypt |
| 0:31 | Graveyard |
| 0:51 | Altar of Darkness |
| 0:57 | Ziggurat |
| 1:12 | Ghoul |
| 1:28 | Tomb of Relics |
| 1:56 | Ghoul |
| 1:59 | Ziggurat |
| 2:13 | Crypt Fiend |
| 2:17 | Crypt Fiend |
| 2:54 | Frost Nova |
| 2:55 | Rod of Necromancy |
| 3:03 | Crypt Fiend |
| 3:31 | Halls of the Dead |
| 3:54 | Crypt Fiend |
| 4:20 | Crypt |
| 4:22 | Ziggurat |
| 4:28 | Frost Armor |
| 4:50 | Crypt Fiend |
| 5:24 | Crypt Fiend |
| 6:09 | Crypt Fiend |
| 6:38 | Black Citadel |
| 6:43 | Slaughterhouse |
| 7:20 | Frost Nova |
| 7:24 | Crypt Fiend |
| 7:26 | Ziggurat |
| 8:17 | Ziggurat |
| 8:19 | Obsidian Statue |
| 9:02 | Web |
| 9:54 | Death Coil |
| 10:27 | Crypt Fiend |
| 10:27 | Obsidian Statue |
| 11:17 | Crypt Fiend |
| 11:47 | Obsidian Statue |
| 11:49 | Unholy Aura |
| 11:52 | Dark Ritual |
| 12:27 | Creature Attack |
| 12:29 | Ziggurat |
| Select group | 734 |
| Right click | 723 |
| Select | 226 |
| Build/train/purchase | 57 |
| Misc. action | 56 |
| Assign group | 24 |
| Use ability | 16 |
| Chat | 6 |
| Minimap ping | 4 |
| Remove unit | 1 |

| Lesser Clarity Potion | 1 | 70 |
| Moonstone | 1 | 50 |
| Staff of Preservation | 1 | 150 |
| Healing Salve | 1 | 100 |
| Scroll of Speed | 1 | 50 |
| total: | 5 | 420g |
| Wisp | 17 | 1020 | / | 0 |
| Chimaera | 5 | 1650 | / | 350 |
| total: | 22 | 2670g | / | 350w |
| Ancient Protector | 2 | 270 | / | 160 |
| Altar of Elders | 1 | 180 | / | 50 |
| Moon Well | 8 | 1440 | / | 320 |
| Hunter's Hall | 1 | 210 | / | 100 |
| Ancient of Wonders | 1 | 90 | / | 30 |
| Tree of Life | 1 | 340 | / | 185 |
| Chimaera Roost | 3 | 420 | / | 570 |
| Tree of Ages | 1 | 320 | / | 180 |
| Tree of Eternity | 1 | 330 | / | 200 |
| total: | 17 | 2950g | / | 1415w |
| 0:02 | Wisp |
| 0:02 | Wisp |
| 0:09 | Altar of Elders |
| 0:10 | Moon Well |
| 0:28 | Wisp |
| 0:30 | Wisp |
| 0:30 | Wisp |
| 0:36 | Wisp |
| 0:42 | Wisp |
| 0:48 | Wisp |
| 1:08 | Moon Well |
| 1:22 | Wisp |
| 1:56 | Wisp |
| 2:02 | Hunter's Hall |
| 2:07 | Entangling Roots |
| 2:12 | Moon Well |
| 2:18 | Wisp |
| 2:37 | Wisp |
| 3:10 | Tree of Ages |
| 3:12 | Ancient Protector |
| 3:36 | Ancient Protector |
| 3:42 | Moon Well |
| 4:48 | Healing Salve |
| 4:48 | Lesser Clarity Potion |
| 4:49 | Scroll of Speed |
| 5:02 | Moon Well |
| 5:09 | Ancient of Wonders |
| 5:32 | Tree of Eternity |
| 7:02 | Moon Well |
| 7:24 | Ultravision |
| 7:58 | Chimaera Roost |
| 7:59 | Chimaera Roost |
| 8:00 | Chimaera Roost |
| 8:27 | Wisp |
| 8:27 | Wisp |
| 8:29 | Moon Well |
| 8:52 | Well Spring |
| 9:25 | Chimaera |
| 9:27 | Corrosive Breath |
| 10:24 | Wisp |
| 10:24 | Wisp |
| 10:44 | Thorns Aura |
| 10:47 | Chimaera |
| 10:47 | Chimaera |
| 10:52 | Moon Well |
| 10:55 | Moonstone |
| 10:56 | Staff of Preservation |
| 11:30 | Entangling Roots |
| 11:42 | Wisp |
| 11:47 | Chimaera |
| 11:48 | Chimaera |
| 12:33 | Tree of Life |
| Right click | 790 |
| Select group | 444 |
| Select | 98 |
| Build/train/purchase | 47 |
| Misc. action | 37 |
| Chat | 25 |
| Use ability | 24 |
| Assign group | 11 |


| Rod of Necromancy | 2 | 300 |
| Ritual Dagger | 1 | 125 |
| Potion of Healing | 1 | 150 |
| Orb of Corruption | 2 | 750 |
| total: | 6 | 1325g |
| Acolyte | 3 | 225 | / | 0 |
| Ghoul | 4 | 480 | / | 0 |
| Crypt Fiend | 9 | 1935 | / | 360 |
| Obsidian Statue | 3 | 600 | / | 105 |
| total: | 19 | 3240g | / | 465w |
| Nerubian Tower | 1 | 100 | / | 20 |
| Spirit Tower | 1 | 145 | / | 40 |
| Graveyard | 1 | 215 | / | 0 |
| Crypt | 1 | 200 | / | 50 |
| Altar of Darkness | 1 | 180 | / | 50 |
| Ziggurat | 5 | 750 | / | 250 |
| Tomb of Relics | 1 | 130 | / | 30 |
| Necropolis | 1 | 225 | / | 0 |
| Slaughterhouse | 1 | 140 | / | 135 |
| Halls of the Dead | 1 | 320 | / | 210 |
| Black Citadel | 1 | 325 | / | 230 |
| total: | 11 | 1840g | / | 515w |
| 0:04 | Acolyte |
| 0:04 | Acolyte |
| 0:09 | Graveyard |
| 0:17 | Crypt |
| 0:42 | Altar of Darkness |
| 0:59 | Ziggurat |
| 1:15 | Tomb of Relics |
| 1:28 | Ghoul |
| 1:28 | Ghoul |
| 1:55 | Crypt Fiend |
| 2:14 | Necropolis |
| 2:35 | Crypt Fiend |
| 2:35 | Crypt Fiend |
| 2:54 | Rod of Necromancy |
| 2:56 | Death Coil |
| 3:29 | Halls of the Dead |
| 3:46 | Ghoul |
| 3:46 | Ghoul |
| 4:23 | Unholy Aura |
| 4:24 | Crypt Fiend |
| 4:26 | Crypt Fiend |
| 4:53 | Creature Attack |
| 4:58 | Ziggurat |
| 5:14 | Creature Carapace |
| 5:52 | Burrow |
| 6:03 | Death Coil |
| 6:18 | Black Citadel |
| 6:25 | Rod of Necromancy |
| 6:26 | Ritual Dagger |
| 6:37 | Crypt Fiend |
| 7:00 | Nerubian Tower |
| 7:08 | Spirit Tower |
| 7:17 | Ziggurat |
| 7:28 | Slaughterhouse |
| 7:42 | Potion of Healing |
| 9:02 | Web |
| 9:22 | Crypt Fiend |
| 9:49 | Frost Nova |
| 9:52 | Orb of Corruption |
| 9:53 | Orb of Corruption |
| 10:02 | Destroyer Form |
| 10:22 | Obsidian Statue |
| 10:42 | Unholy Aura |
| 10:45 | Crypt Fiend |
| 11:09 | Obsidian Statue |
| 11:32 | Crypt Fiend |
| 11:43 | Frost Armor |
| 11:59 | Obsidian Statue |
| 12:14 | Ziggurat |
| 12:16 | Ziggurat |
| 12:22 | Improved Creature Attack |
| 12:47 | Acolyte |
| Right click | 454 |
| Select | 225 |
| Misc. action | 180 |
| Select group | 131 |
| Chat | 101 |
| Build/train/purchase | 66 |
| Assign group | 37 |
| Use ability | 27 |
| Minimap ping | 8 |
| Remove unit | 2 |
⇛